 Dungeon Crawl Stone Soup version 0.28-a0-390-gb254ac4902 (webtiles) character file.

Game seed: 986695164741278034

36756 Demosthentine the Impaler (level 13, -22/109 HPs)
             Began as a Merfolk Gladiator on Sept 4, 2021.
             Was a High Priest of the Shining One.
             Annihilated by a boulder beetle (illusionary) (44 damage)
             ... on level 14 of the Dungeon.
             The game lasted 00:21:03 (19481 turns).

Demosthentine the Impaler (Merfolk Gladiator)      Turns: 19481, Time: 00:21:04

Health: -22/109    AC: 10    Str: 16    XL:     13   Next: 92%
Magic:  20/20      EV: 37    Int: 11    God:    the Shining One [*****.]
Gold:   2559       SH:  5    Dex: 18    Spells: 12/12 levels left

rFire   . . .      SeeInvis +   a - +1 trident (venom)
rCold   . . .      Faith    .   L - +0 buckler
rNeg    + + .      Spirit   .   p - +0 steam dragon scales
rPois   .          Reflect  .   m - +2 helmet {Int+3}
rElec   .          Harm     .   q - scarf {repulsion}
rCorr   .          Rampage  .   (no gloves)
Will    .....                   G - +0 pair of boots
Stlth   +.........              e - amulet of the acrobat
HPRegen 0.28/turn               f - ring of see invisible
MPRegen 0.17/turn               i - +4 ring of slaying

@: acrobatic, glowing, studying Stealth, repel missiles
A: (nimble swimmer 2), mertail
a: Renounce Religion, Divine Shield, Cleansing Flame, Summon Divine Warrior


You were on level 14 of the Dungeon.
You worshipped the Shining One.
The Shining One was extremely pleased with you.
You visited 2 branches of the dungeon, and saw 15 of its levels.
You also visited: Ossuary and Bailey.

You collected 2559 gold pieces.

Inventory:

Hand Weapons
 a - a +1 trident of venom (weapon)
Missiles
 d - 5 throwing nets (quivered)
Armour
 m - a +2 helmet of intelligence (worn)
 p - +0 steam dragon scales (worn)
 q - a scarf of repulsion (worn)
 G - a +0 pair of boots (worn)
 J - a +0 cloak
 L - a +0 buckler (worn)
Jewellery
 e - an amulet of the acrobat (around neck)
 f - a ring of see invisible (left hand)
 g - the ring "Paqad" {AC+4 Int+5 Slay+2}
   (You took it off a gnoll on level 7 of the Dungeon)

   [ring of protection]

   AC:        It affects your AC (+4).
   Int:       It affects your intelligence (+5).
   Slay:      It affects your accuracy & damage with ranged weapons and melee
   (+2).
 i - a +4 ring of slaying (right hand)
 l - a ring of flight
 w - a +6 ring of intelligence
 H - a ring of poison resistance
Wands
 c - a wand of mindburst (27)
 h - a wand of paralysis (35)
 s - a wand of flame (56)
 t - a wand of polymorph (7)
 E - a wand of acid (14)
Scrolls
 j - 5 scrolls of amnesia
 k - a scroll of magic mapping {unknown}
 x - a scroll of enchant weapon
 y - 3 scrolls of fog
 z - 2 scrolls of identify
 A - a scroll of fear
 I - a scroll of summoning
 M - a scroll of enchant armour
Potions
 b - 5 potions of curing
 n - 5 potions of haste
 o - 2 potions of magic
 r - 3 potions of brilliance
 u - 2 potions of resistance
 v - 2 potions of attraction
 B - 2 potions of heal wounds
 C - a potion of ambrosia
 D - a potion of berserk rage
 F - 3 potions of mutation


   Skills:
 + Level 12.7 Fighting
 + Level 16.1 Polearms
 - Level 2.0 Throwing
 - Level 5.7 Armour
 + Level 15.0 Dodging
 + Level 3.6 Shields
 + Level 9.7 Invocations


You had 12 spell levels left.
You didn't know any spells.
Your spell library contained the following spells:

 Spells                   Type           Power      Damage    Failure   Level
 Apportation              Tloc           0%         N/A       36%         1
 Corpse Rot               Necr/Air       N/A        N/A       50%         2
 Static Discharge         Conj/Air       0%         N/A       50%         2
 Tukima's Dance           Hex            0%         N/A       73%         3
 Dispel Undead            Necr           0%         3d6       98%         4
 Passage of Golubria      Tloc           N/A        N/A       98%         4
 Sticky Flame             Conj/Fire      0%         2d3       98%         4
 Alistair's Intoxication  Tmut/Pois      0%         N/A       100%        5
 Iskenderun's Battlesphe  Conj           0%         2d6       100%        5
 Yara's Violent Unravell  Hex/Tmut       0%         3d3       100%        5
 Conjure Ball Lightning   Conj/Air       0%         3x3d6     100%        6
 Death Channel            Necr           0%         N/A       100%        6
 Invisibility             Hex            0%         N/A       100%        6
 Orb of Destruction       Conj           0%         N/A       100%        7


Dungeon Overview and Level Annotations

Branches:
Dungeon (14/15)            Temple (1/1) D:6            Lair (0/6) D:9
    Orc (0/2) D:11         Vaults (0/5) D:13        Ossuary (visited)
 Bailey (visited)

Altars:
Ashenzari
Cheibriados
Dithmenos
Elyvilon
Fedhas
Gozag
Hepliaklqana
Kikubaaqudgha
Makhleb
Nemelex Xobeh
Okawaru
Qazlal
Ru
Sif Muna
Trog
Uskayaw
Vehumet
Wu Jian
Xom
Yredelemnul
Zin
The Shining One

Annotations:
D:13 2 runed translucent doors, jdzakarian's ghost, journeyman HuBe


Innate Abilities, Weirdness & Mutations

((You are quick and stealthy near water. (Stealth+, EV+, Speed+++)))
Your lower body shifts to a powerful aquatic tail in water.


Message History

Press: ? - help, Dir - move target, f - rakshasa
Aim: a rakshasa, wielding a +0 whip and wearing a +0 robe (heavily wounded, haloed, about 22% to evade your +1 trident of venom)
You reach to attack!
You puncture the rakshasa!
The rakshasa is severely wounded.
Unknown command.
Reach: a) +1 trident (venom)
Press: ? - help, Dir - move target, f/p - rakshasa
Aim: a rakshasa, wielding a +0 whip and wearing a +0 robe (severely wounded, haloed, about 22% to evade your +1 trident of venom)
You reach to attack!
You closely miss the rakshasa.
The rakshasa is severely wounded.
The rakshasa weaves an illusion.
The boulder beetle shimmers and seems to become two!
The rakshasa hits you with a +0 whip.
* * * LOW HITPOINT WARNING * * *
Reach: a) +1 trident (venom)
Press: ? - help, Dir - move target, f - rakshasa
Aim: a rakshasa, wielding a +0 whip and wearing a +0 robe (severely wounded, haloed, about 22% to evade your +1 trident of venom)
You hit the rakshasa but do no damage.
The rakshasa is severely wounded.
Unknown command.
Unknown command.
Okay, then.
As you read the scroll of fear, it crumbles to dust.
You assume a fearsome visage.
The boulder beetle looks frightened!
The rakshasa is unaffected. x2; The boulder beetle looks frightened!
You block the rakshasa's attack.
The boulder beetle leaps! x2
The rakshasa hits you with a +0 whip.
* * * LOW HITPOINT WARNING * * *
Unknown command.
The rakshasa gestures at you. The lance of force misses you.
The boulder beetle leaps!
Unknown command.
Unknown command.
The rakshasa completely misses you.
The boulder beetle leaps!
Unknown command.
Okay, then.
The rakshasa blinks! x2
The boulder beetle curls into a ball and begins rolling!
The boulder beetle hits you!!!
You die...

#.............#........ .......
###'#####.....##.....○ .......
#.......#.....#..$..######......
#.......#.....#R....#.......##..
#.......#.....#§....#......#..#.
#.......#..<..#.§...#......#....
#(......#'#####.....#.##....####
#####...........#####.##........
#........○B@#.....#..|......
#...........#.....#.........
#...........#.....#....>....
#...........#.######..##.##.
####'#####+##.## #..##.##.
#.....#......#............
#.....#......#............
#.....#......#............
#.....#......#............


You could see a boulder beetle (rolling) and a rakshasa.

Vanquished Creatures
  Fannar (D:11)
  Harold (D:9)
  2 boulder beetles
  An ice dragon (D:13)
  A hydra (D:12)
  A centaur warrior (D:14)
  A catoblepas (D:14)
  Erica (D:9)
  5 two-headed ogres
  A tengu warrior (D:14)
  The ghost of FilthyApe the Bludgeoner, a novice MiFi of Gozag (D:10)
  The ghost of Spaninq the Arsonist, a novice DrFE of Vehumet (D:7)
  Nergalle (D:11)
  An iron troll (D:13)
  Pikel (D:5)
  A harpy (shapeshifter) (D:13)
  A deep elf pyromancer (D:14)
  9 ugly things
  A wizard (D:14)
  2 orc knights (Bailey)
  4 manticores
  3 centaur zombies
  3 komodo dragons
  A freezing wraith (D:14)
  A tengu conjurer (D:14)
  6 kobold demonologists
  6 trolls
  Grinder (D:4)
  A hornet (D:9)
  15 slime creatures
  3 wraiths
  Sigmund (D:4)
  2 shadows
  A wyvern (D:11)
  A vampire (D:12)
  A basilisk (D:13)
  Grum (D:7)
  3 steam dragons
  Menkaure (D:6)
  An acid dragon (D:10)
  2 water moccasins
  12 orc warriors
  2 sky beasts (D:7)
  A black bear (D:5)
  4 ice beasts
  An ogre (D:5)
  A necrophage (D:4)
  The ghost of barkas the Sneak, an amateur NaWz (D:3)
  3 wolves (D:7)
  4 centaurs
  A lemure (D:5)
  11 kobold brigands
  Blork the orc (D:4)
  3 bullfrogs
  2 gnoll sergeants (D:7)
  3 water moccasin zombies (Ossuary)
  6 howler monkeys
  A bullfrog zombie (D:6)
  2 jellies (D:8)
  3 bullfrog skeletons
  A centaur skeleton (D:4)
  2 hounds (D:5)
  3 gnoll shamans
  7 orc priests
  Jessica (D:2)
  Ijyb (D:4)
  10 orc wizards
  5 iguanas
  A killer bee zombie (D:6)
  A hound zombie (D:5)
  A hound skeleton (D:5)
  2 mummies (Ossuary)
  A howler monkey zombie (D:5)
  Robin (D:3)
  14 gnolls
  4 adders
  A shadow imp (D:7)
  5 adder zombies (Ossuary)
  2 worms
  2 dart slugs
  46 orcs
  10 ball pythons
  9 endoplasms
  5 giant cockroaches
  23 goblins
  9 hobgoblins
  9 jackals
  4 quokkas
  8 bats
  2 frilled lizards
  6 gnoll zombies (Ossuary)
  2 hobgoblin zombies (Ossuary)
  22 kobolds
  A kobold zombie (Ossuary)
  9 orc zombies (Ossuary)
  2 quokka zombies (D:7)
  6 rats
  A spectral orc (D:8)
393 creatures vanquished.

Vanquished Creatures (others)
  An ice beast (D:7)
  2 orcs (Bailey)
  2 fungi (D:10)
  40 plants
45 creatures vanquished.

Grand Total: 438 creatures vanquished

Notes
Turn   | Place    | Note
-------+----------+-------------------------------------------
     0 | D:1      | Demosthentine the Merfolk Gladiator began the quest for the
                  | Orb.
     0 | D:1      | Reached XP level 1. HP: 16/16 MP: 1/1
   113 | D:1      | Reached XP level 2. HP: 18/23 MP: 2/2
   558 | D:1      | Reached XP level 3. HP: 28/28 MP: 3/3
   897 | D:2      | Found an opulent altar of Gozag.
   925 | D:2      | Reached skill level 5 in Polearms
  1042 | D:2      | Noticed Jessica
  1053 | D:2      | Killed Jessica
  1054 | D:2      | Reached skill level 1 in Armour
  1054 | D:2      | Reached XP level 4. HP: 10/35 MP: 4/4
  1831 | D:3      | Found a faded altar of an unknown god.
  1969 | D:3      | Noticed an ice beast
  1978 | D:3      | Killed an ice beast
  1979 | D:3      | Reached skill level 5 in Dodging
  1979 | D:3      | Reached XP level 5. HP: 31/41 MP: 5/5
  2146 | D:3      | Noticed Robin
  2191 | D:3      | Killed Robin
  2192 | D:3      | Reached skill level 6 in Polearms
  2411 | D:3      | Noticed barkas's ghost (amateur NaWz)
  2416 | D:3      | Reached XP level 6. HP: 48/48 MP: 6/6
  2416 | D:3      | Found a transporter.
  2484 | D:3      | Found a transporter.
  2790 | D:3      | Killed barkas's ghost
  3069 | D:4      | Noticed Blork the orc
  3075 | D:4      | Killed Blork the orc
  3132 | D:4      | Noticed a necrophage
  3133 | D:4      | Noticed Grinder
  3141 | D:4      | Killed a necrophage
  3142 | D:4      | Reached XP level 7. HP: 35/55 MP: 7/7
  3147 | D:4      | Killed Grinder
  3148 | D:4      | Reached skill level 7 in Polearms
  3355 | D:4      | Noticed Sigmund
  3365 | D:4      | Killed Sigmund
  3366 | D:4      | Reached skill level 5 in Fighting
  3426 | D:4      | Reached XP level 8. HP: 60/62 MP: 8/8
  3756 | D:4      | Noticed Ijyb
  3762 | D:4      | Killed Ijyb
  4016 | D:5      | Entered Level 5 of the Dungeon
  4017 | D:5      | Noticed Pikel
  4036 | D:5      | Killed Pikel
  4037 | D:5      | Reached skill level 8 in Polearms
  4331 | D:5      | Reached skill level 9 in Polearms
  4505 | D:5      | Reached XP level 9. HP: 70/70 MP: 9/9
  5151 | D:6      | Noticed Menkaure
  5159 | D:6      | Reached skill level 10 in Polearms
  5166 | D:6      | Killed Menkaure
  5387 | D:6      | Found a staircase to the Ecumenical Temple.
  5407 | Temple   | Entered the Ecumenical Temple
  6027 | Temple   | Became a worshipper of the Shining One
  6535 | D:7      | Found a transporter.
  6556 | D:7      | Reached skill level 5 in Armour
  6597 | D:7      | Noticed Grum
  6670 | D:7      | Reached XP level 10. HP: 77/80 MP: 10/10
  6738 | D:7      | Reached skill level 10 in Dodging
  6770 | D:7      | Found a sand-covered staircase.
  6776 | D:7      | Reached * piety under the Shining One
  6781 | Ossuary  | Entered an ossuary
  6827 | Ossuary  | Reached ** piety under the Shining One
  6909 | Ossuary  | Reached *** piety under the Shining One
  7141 | D:7      | Reached skill level 11 in Polearms
  7286 | D:7      | Identified the ring "Paqad" {AC+4 Int+5 Slay+2}
  7291 | D:7      | Noticed Spaninq's ghost (novice DrFE)
  7296 | D:7      | Found a transporter.
  7644 | D:7      | Killed Spaninq's ghost
  7658 | D:7      | Killed Grum
  8140 | D:8      | Found a basalt altar of Yredelemnul.
  8293 | D:8      | Reached skill level 1 in Invocations
  8738 | D:8      | Identified a scroll of acquirement
  8738 | D:8      | Acquired 464 gold pieces
  8759 | D:9      | Noticed Erica
  8771 | D:9      | Killed Erica
  8772 | D:9      | Reached skill level 12 in Polearms
  8878 | D:9      | Noticed Harold
  8891 | D:9      | Killed Harold
  8892 | D:9      | Reached XP level 11. HP: 69/89 MP: 11/13
  8978 | D:9      | Noticed a boulder beetle
  9029 | D:9      | Killed a boulder beetle
  9146 | D:9      | Identified the +3 mace "Newtbane" {drain, Int+6}
  9618 | D:9      | Found a staircase to the Lair.
 10133 | D:10     | Entered Level 10 of the Dungeon
 10458 | D:10     | Found a runed translucent gate.
 10458 | D:10     | Found a runed translucent gate.
 10458 | D:10     | Found a runed translucent gate.
 10459 | D:10     | Reached **** piety under the Shining One
 10459 | D:10     | Noticed FilthyApe's ghost (novice MiFi)
 10486 | D:10     | Reached skill level 10 in Fighting
 10486 | D:10     | Reached skill level 13 in Polearms
 10504 | D:10     | Noticed a two-headed ogre
 10512 | D:10     | Killed a two-headed ogre
 10513 | D:10     | Reached skill level 5 in Invocations
 10929 | D:10     | Noticed a two-headed ogre
 10942 | D:10     | Killed a two-headed ogre
 11843 | D:10     | Noticed a soul eater
 11857 | D:10     | Reached XP level 12. HP: 98/98 MP: 16/16
 11886 | D:10     | Killed FilthyApe's ghost
 12057 | D:11     | Found a flagged portal.
 12067 | Bailey   | Entered a bailey
 12343 | Bailey   | Reached skill level 14 in Polearms
 12800 | D:11     | Noticed Nergalle
 12812 | D:11     | Killed Nergalle
 12833 | D:11     | Noticed Fannar
 12847 | D:11     | Killed Fannar
 13240 | D:11     | Found a staircase to the Orcish Mines.
 13919 | D:12     | Noticed a boulder beetle
 13932 | D:12     | Killed a boulder beetle
 14140 | D:12     | Noticed a two-headed ogre
 14150 | D:12     | Noticed a five-headed hydra
 14156 | D:12     | Killed a two-headed ogre
 14168 | D:12     | Killed a five-headed hydra
 14573 | D:12     | Noticed a two-headed ogre
 14584 | D:12     | Killed a two-headed ogre
 14715 | D:12     | Reached ***** piety under the Shining One
 14724 | D:12     | Reached skill level 15 in Polearms
 14982 | D:13     | Reached XP level 13. HP: 89/107 MP: 19/19
 15174 | D:13     | Noticed an ice dragon
 15197 | D:13     | Killed an ice dragon
 15503 | D:13     | Found a gate to the Vaults.
 15683 | D:13     | Found a runed translucent door.
 15687 | D:13     | Noticed a storm dragon
 15689 | D:13     | Found a runed translucent door.
 15690 | D:13     | Noticed a lich
 15748 | D:13     | Noticed jdzakarian's ghost (journeyman HuBe)
 16078 | D:13     | Reached skill level 1 in Shields
 18451 | D:14     | Reached skill level 16 in Polearms
 19130 | D:14     | Noticed a rakshasa
 19446 | D:14     | Reached skill level 15 in Dodging
 19481 | D:14     | Annihilated by a boulder beetle (illusionary)

Illustrated notes

Levels and vault maps discovered:
D:1:      sevenhm_arrival_forest_fort_large_3, layout_rooms
D:2:      layout_basic, basic_altar, uniq_jessica
D:3:      layout_loops_cross, gammafunk_ghost_arena,
          shapermc_ecumenical_altar_pompeii, chequers_serial_rivers_micro_d,
          uniq_robin
D:4:      layout_cave_pods, uniq_ijyb, uniq_sigmund, uniq_grinder,
          uniq_blork_the_orc
D:5:      layout_gridville, amcnicky_mini_rare_corridor_liquid, uniq_pikel
D:6:      layout_basic, minmay_temple_entry_statues_fountains, uniq_menkaure
D:7:      layout_loops_ring, gammafunk_ghost_gnarly_gnolls, enter_ossuary_4,
          lemuel_flame_loot_1
D:8:      layout_loops_cross, yredelemnul_forgotten_temple_becter,
          hangedman_abyss_or_decor_passed
D:9:      layout_small_grid, david_lair_shrubbed, uniq_erica, uniq_harold
D:10:     layout_basic, gammafunk_ghost_nasty_kobolds
D:11:     layout_basic, hiddenorc2_lemuel, enter_bailey_3, uniq_fannar,
          uniq_nergalle
D:12:     layout_basic, lemuel_old_faithful
D:13:     layout_loops_cross, david_vaults_4, muffindrake_ghost_dual_entry
D:14:     layout_gridville, minmay_curled_crystal
Temple:   nicolae_temple_the_god_donut

Skill      XL: |  1  2  3  4  5  6  7  8  9 10 11 12 13 |
---------------+----------------------------------------+-----
Polearms       | 5 6 7 9 10 12 13 15 16 | 16.1
Fighting       | 3 4 5 6 7 9 10 11 12 | 12.7
Armour         | 1 2 3 4 5 |  5.7
Dodging        | 5 6 7 8 9 11 12 14 15 | 15.0
Invocations    | 3 6 8 9 |  9.7
Shields        | 3 |  3.6
Throwing       | |  2.0

Action                   |  1- 3 |  4- 6 |  7- 9 | 10-12 | 13-15 || total
-------------------------+-------+-------+-------+-------+-------++-------
Melee: Trident           |    78 |   150 |   231 |   792 |   387 ||  1638
Throw: Throwing net      |       |       |     1 |     2 |     2 ||     5
  Use: Scroll            |     1 |     3 |     8 |    13 |     3 ||    28
       Potion            |       |     2 |     1 |     3 |     4 ||    10
 Stab: Sleeping          |       |     4 |     2 |       |       ||     6
       Held in net/web   |       |       |     1 |       |       ||     1
Armor: Leather armour    |    15 |    39 |    39 |       |       ||    93
       Steam dragon scal |       |       |     3 |    69 |    48 ||   120
Dodge: Dodged            |    42 |    91 |   112 |   340 |   203 ||   788
       Repelled          |       |       |     1 |     6 |     6 ||    13
Block: Buckler           |       |       |       |       |     7 ||     7

Table legend: (Time is in decaauts)
 A = Elapsed time spent in this place.
 B = Non-inter-level travel time spent in this place.
 C = Inter-level travel time spent in this place.
 D = Time resting spent in this place.
 E = Time spent auto-exploring this place.
 F = Levels seen in this place.
 G = Mean time per level.
                   A        B        C        D        E       F      G
               +--------+--------+--------+--------+--------+-----+--------+
         Total |  18771 |  18167 |    604 |    527 |  14653 |  17 | 1104.2 |
       Dungeon |  17497 |  16894 |    603 |    317 |  13823 |  14 | 1249.8 |
        Temple |    430 |    430 |      0 |      0 |    373 |   1 |  430.0 |
       Ossuary |    163 |    163 |      0 |      0 |     83 |   1 |  163.0 |
        Bailey |    679 |    679 |      0 |    210 |    373 |   1 |  679.0 |
               +--------+--------+--------+--------+--------+-----+--------+

Top non-repeatable levels by time:
    D:13: 2820 daAuts
    D:10: 1754 daAuts
    D:14: 1506 daAuts
     D:9: 1460 daAuts
     D:7: 1273 daAuts
     D:4: 1170 daAuts
    D:11: 1082 daAuts
    D:12: 1039 daAuts
     D:3: 1028 daAuts
     D:2: 983 daAuts
     D:5: 915 daAuts
     D:6: 910 daAuts
     D:1: 813 daAuts
     D:8: 738 daAuts
  Bailey: 679 daAuts
